[Event "Early-Titled-Tuesday-Blitz-March-19-2024"]
[Site "Chess.com"]
[Date "2024.03.19"]
[Round "8"]
[White "Lion-Al-Messi"]
[Black "ploxoi"]
[Result "1/2-1/2"]
[WhiteElo "2608"]
[BlackElo "2443"]
[TimeControl "180+1"]
[EndTime "9:31:33 PDT"]
[Termination "Game drawn by stalemate"]

1. e4 e6 2. d4 d5 3. exd5 exd5 4. Bd3 Bd6 5. Nc3 Ne7 6. Nb5 Bb4+ 7. c3 Ba5 8. b4 Bb6 9. a4 c6 10. a5 cxb5 11. axb6 Qxb6 12. Qe2 Nc6 13. Bg5 Be6 14. Nf3 O-O 15. O-O a6 16. Bf4 Rfe8 17. Ng5 Ng6 18.
Bxg6 hxg6 19. Qd3 Bf5 20. Qg3 f6 21. Bc7 Qa7 22. Nf3 Re7 23. Bd6 Re6 24. Nh4 Rd8 25.
Bf4 Kf7 26. Rfe1 Rde8 27. Rxe6 Rxe6 28. Nxf5 gxf5 29. h4 Qa8 30. h5 Ne7 31. Bd6 Qe8 32. Bxe7 Kxe7 33. Qxg7+ Qf7 34. Qxf7+ Kxf7 35. Kf1 Kg7 36.
Rd1 Kh6 37. Rd3 f4 38. Rf3 Re4 39. g3 Kxh5 40. gxf4 f5 41. Rh3+ Kg4 42. Rh7 Kxf4 43. Rxb7 Re6 44. Rc7 Ke4 45. Ke2 f4 46. f3+ Kf5+ 47.
Kd2 Rd6 48. Rf7+ Kg5 49. Re7 Kf5 50. Re5+ Kf6 51. Kd3 Kg6 52. Ke2 Kf6 53. Kf2 Rc6 54. Rxd5 Rxc3 55. Rc5 Rb3 56. Rc6+ Kf7 57. Rxa6 Rb2+ 58.
Kf1 Rxb4 59. Rd6 Rb2 60. Rd5 Kf6 61. Rd8 Ke7 62. Rb8 Rd2 63. Rxb5 Rxd4 64. Rf5 Ke6 65. Rf8 Ke5 66. Kg2 Rd6 67. Re8+ Kf5 68. Rf8+ Kg5 69. Rg8+ Kf5 70. Rf8+ Kg5 71. Kf2 Rd2+ 72. Ke1 Rd4 73.
Ke2 Ra4 74. Rf7 Ra2+ 75. Kf1 Ra3 76. Kg2 Ra2+ 77. Kg1 Ra3 78. Kg2 Ra2+ 79. Kh3 Rf2 80. Rg7+ Kf5 81. Rf7+ Ke5 82. Re7+ Kf6 83. Re4 Kf5 84. Re8 Rxf3+ 85. Kg2 Rg3+ 86. Kf2 Rg5 87. Rf8+ Kg4 88. Re8 Ra5 89. Rg8+ Kf5 90. Rf8+ Ke4 91. Re8+ Re5 92. Rxe5+ Kxe5 93. Kf3 Kf5 94. Kf2 Ke4 95. Ke2 f3+ 96. Kf2 Kf4 97. Kf1 Kg4 98. Kf2 Kf4 99. Kf1 Ke5 100. Kf2 Ke4 101. Kf1 Ke3 102. Ke1 f2+ 103. Kf1 Kf3 1/2-1/2

[Event "Early-Titled-Tuesday-Blitz-March-19-2024"]
[Site "Chess.com"]
[Date "2024.03.19"]
[Round "8"]
[White "santosalberto1987"]
[Black "djokovic74"]
[Result "0-1"]
[WhiteElo "2572"]
[BlackElo "2735"]
[TimeControl "180+1"]
[EndTime "9:31:38 PDT"]
[Termination "djokovic74 won by resignation"]

1. e4 e6 2. d4 d5 3. Nc3 Nf6 4. e5 Nfd7 5. Nce2 c5 6. c3 cxd4 7. cxd4 f6 8. exf6 Nxf6 9. Nf3 Nc6 10. Nc3 Bd6 11. Bd3 a6 12. O-O O-O 13. h3 Qc7 14. Re1 Bd7 15. a3 Rae8 16. Bg5 Re7 17. Rc1 h6 18.
Be3 Be8 19. Ne5 Qb8 20. f4 Bxe5 21. fxe5 Nd7 22. Rf1 Rxf1+ 23. Qxf1 Ndxe5 24. dxe5 d4 25. Bxd4 Nxd4 26. Qf4 Nc6 27. Qe4 g6 28. Re1 Qa7+ 29. Kh1 Qd4 30. Qxd4 Nxd4 31. Ne4 Bc6 32. Nf6+ Kg7 33.
Rd1 Nf5 34. Kh2 Ne3 35. Rd2 Nd5 36. Nxd5 exd5 37. Re2 d4 38. g4 g5 39. Kg3 Rf7 40. Bf5 Re7 41. e6 Kf6 42. h4 Bd5 43.
hxg5+ hxg5 44. Rd2 Bxe6 45. Bxe6 Rxe6 46. Rxd4 Re3+ 47. Kf2 Rb3 48. Rd2 Ke5 49. Rc2 Ke4 50.
Rc4+ Ke5 51. Rc5+ Kf4 52. Rc4+ Ke5 53. Rc5+ Kf6 54. Rc2 Ke6 55. Re2+ Kd5 56. Rc2 Kd4 57. Rd2+ Kc4 58. Rc2+ Kb5 59. Re2 Kc6 60. Rc2+ Kd5 61. Rd2+ Ke4 62. Rc2 Ke5 63. Rd2 b6 64. Rc2 a5 65. Rd2 Ke4 66. Rc2 Ke5 67. Rd2 b5 68. Re2+ Kf4 69. Rd2 Kxg4 70. Kg2 a4 71. Rd4+ Kf5 72.
Rd2 Ke4 73. Re2+ Kf4 74. Rf2+ Kg4 75. Rd2 Kh4 76. Rc2 g4 77. Rd2 Kg5 78. Rc2 Kf4 79. Rd2 Ke3 80. Rc2 Rd3 81. Kg3 Rd2 82. Rc3+ Kd4 83.
Kxg4 Rxb2 84. Rh3 Rb3 85. Rh5 Kc3 86. Kf4 Kb2 87. Ke4 Kxa3 88. Kd4 Kb4 89. Rh1 a3 90. Ra1 Rb2 91. Kd3 Kb3 92. Kd4 a2 93. Kd3 Rb1 0-1

[Event "Early-Titled-Tuesday-Blitz-March-19-2024"]
[Site "Chess.com"]
[Date "2024.03.19"]
[Round "9"]
[White "Josetricks"]
[Black "Misterfox120"]
[Result "0-1"]
[WhiteElo "2536"]
[BlackElo "2438"]
[TimeControl "180+1"]
[EndTime "9:39:17 PDT"]
[Termination "Misterfox120 won by resignation"]

1. e4 c6 2. Nf3 d5 3. Nc3 Bg4 4. h3 Bxf3 5. Qxf3 e6 6. d3 Nd7 7.
Bd2 Bb4 8. O-O-O Qb6 9. g4 d4 10. Nb1 Bxd2+ 11. Nxd2 Ne7 12. Qg3 c5 13. Nc4 Qa6 14.
Nd6+ Kf8 15. Kb1 Rd8 16. f4 Qxd6 0-1

[Event "Early-Titled-Tuesday-Blitz-March-19-2024"]
[Site "Chess.com"]
[Date "2024.03.19"]
[Round "9"]
[White "zurzan"]
[Black "geminithegreat"]
[Result "1-0"]
[WhiteElo "2050"]
[BlackElo "2205"]
[TimeControl "180+1"]
[EndTime "9:40:49 PDT"]
[Termination "zurzan won by resignation"]

1. c4 e6 2. g3 d5 3. Bg2 Nf6 4. Nf3 dxc4 5. Qa4+ Bd7 6. Qxc4 Bc6 7. O-O Nbd7 8. d4 Be7 9. Nc3 O-O 10. Qd3 a6 11.
a4 b6 12. e4 Nc5 13. Qc2 Ncxe4 14. Ne5 Qxd4 15. Nxc6 Qc5 16. Nxe7+ Qxe7 17. Nxe4 1-0

[Event "Early-Titled-Tuesday-Blitz-March-19-2024"]
[Site "Chess.com"]
[Date "2024.03.19"]
[Round "9"]
[White "IMchanged"]
[Black "Joachim100x"]
[Result "0-1"]
[WhiteElo "2659"]
[BlackElo "2511"]
[TimeControl "180+1"]
[EndTime "9:40:53 PDT"]
[Termination "Joachim100x won by resignation"]

1. e4 c5 2. Nf3 e6 3. d4 cxd4 4. Nxd4 Bc5 5. Nb3 Bb6 6. Nc3 Ne7 7. Bf4 d5 8. exd5 Nxd5 9. Nxd5 exd5 10. Qf3 O-O 11.
O-O-O Nc6 12. Qxd5 Qf6 13. Qg5 Qxg5 14. Bxg5 Bxf2 15.
Bd3 Be6 16. Rhf1 Bb6 17. c3 f6 18. Bh4 Rad8 19. Rfe1 Bf7 20. Bg3 Rfe8 21. Rxe8+ Rxe8 22. a4 Bxb3 23. Bc2 Bxc2 24. Kxc2 Rd8 25. Re1 Ne5 26.
Bxe5 fxe5 27. Rxe5 Kf7 28. Rb5 Rd7 29. a5 Bd8 30. h3 a6 31. Re5 Bf6 32. Rf5 Re7 33.
Rf2 Re5 0-1

[Event "Early-Titled-Tuesday-Blitz-March-19-2024"]
[Site "Chess.com"]
[Date "2024.03.19"]
[Round "9"]
[White "LeoWin2012"]
[Black "santosalberto1987"]
[Result "0-1"]
[WhiteElo "2242"]
[BlackElo "2574"]
[TimeControl "180+1"]
[EndTime "9:40:55 PDT"]
[Termination "santosalberto1987 won by resignation"]

1. e4 e6 2. d4 d5 3. exd5 exd5 4.
Bd3 Nc6 5. c3 Bd6 6. Nf3 Bg4 7.
h3 Bh5 8. O-O Qd7 9. b4 O-O-O 10.
a4 Kb8 11. a5 Nce7 12. b5 Ng6 13. b6 cxb6 14. axb6 a6 15. Qe2 Nf6 16. Bg5 Rde8 17. Qd1 Ne4 18. Be3 Nf4 19. Ne5 Bxe5 20. dxe5 Bxd1 21. Bxf4 Qf5 22. Bxe4 dxe4 23. Rxd1 Qxf4 0-1

[Event "Early-Titled-Tuesday-Blitz-March-19-2024"]
[Site "Chess.com"]
[Date "2024.03.19"]
[Round "9"]
[White "MightyMike_009"]
[Black "Muracle"]
[Result "1-0"]
[WhiteElo "2720"]
[BlackElo "2562"]
[TimeControl "180+1"]
[EndTime "9:41:25 PDT"]
[Termination "MightyMike_009 won by checkmate"]

1. d4 Nf6 2. c4 e6 3. Nc3 Bb4 4. e3 c5 5. Bd3 Bxc3+ 6. bxc3 Nc6 7. Ne2 d6 8. O-O O-O 9. e4 e5 10. Bg5 h6 11. Bh4 cxd4 12. cxd4 exd4 13. f4 Re8 14. Rb1 b6 15. Bc2 g5 16. fxg5 Nxe4 17.
g6 Qxh4 18. gxf7+ Kf8 19. fxe8=Q+ Kxe8 20. Rf4 Qxf4 21. Nxf4 Nc3 22. Qh5+ Kd8 23. Re1 Ne5 24. Rxe5 dxe5 25. Qxe5 Nxa2 26. Qd5+ Kc7 27. Qxa8 Nb4 28. Qe4 Nc6 29. Ba4 Na5 30. Nd5+ Kb8 31. Qe5+ Kb7 32.
Qc7+ Ka6 33. Bb5# 1-0

[Event "Early-Titled-Tuesday-Blitz-March-19-2024"]
[Site "Chess.com"]
[Date "2024.03.19"]
[Round "9"]
[White "ChainedDowntohell"]
[Black "IraZyne"]
[Result "1-0"]
[WhiteElo "2513"]
[BlackElo "2329"]
[TimeControl "180+1"]
[EndTime "9:41:27 PDT"]
[Termination "ChainedDowntohell won by resignation"]

1. d4 d5 2. c4 e6 3. Nf3 c6 4.
e3 Bd6 5. Nbd2 Nd7 6. e4 dxe4 7. Nxe4 Bb4+ 8. Bd2 Qe7 9. c5 Bxd2+ 10. Qxd2 Ngf6 11.
Nd6+ Kf8 12. Ng5 e5 13. O-O-O exd4 14. Ngxf7 Nxc5 15. Nxh8 Qxd6 16. Bc4 Be6 17. Qxd4 Qxd4 18. Rxd4 Bxc4 19. Rxc4 Nd3+ 20. Kc2 Ne5 21. Rb4 b6 22. Re1 Ned7 23. Rd4 g6 24. Re6 Rc8 25. Rdd6 Kg7 26. Nxg6 hxg6 27. Re7+ Kf8 28. Rdxd7 1-0

[Event "Early-Titled-Tuesday-Blitz-March-19-2024"]
[Site "Chess.com"]
[Date "2024.03.19"]
[Round "9"]
[White "LLariMarc"]
[Black "manitodeplomo"]
[Result "1-0"]
[WhiteElo "2474"]
[BlackElo "2653"]
[TimeControl "180+1"]
[EndTime "9:41:28 PDT"]
[Termination "LLariMarc won by resignation"]

1. d4 g6 2. c4 Bg7 3. Nc3 d6 4. Nf3 Nf6 5. Bg5 h6 6. Bh4 O-O 7. e3 c5 8. dxc5 dxc5 9. Qxd8 Rxd8 10. Be2 Nc6 11. O-O Bf5 12. Rad1 g5 13. Bg3 Ne4 14. Nxe4 Bxe4 15. b3 Nb4 16. a3 Nc2 17. a4 Nb4 18.
Rxd8+ Rxd8 19. Rd1 Rxd1+ 20. Bxd1 Bc2 21. Bxc2 Nxc2 22.
Bb8 a6 23. Ba7 Na1 24. Bxc5 Nxb3 25. Bxe7 Bf8 26. Bxf8 Kxf8 27. Nd4 Ke7 28. Nxb3 1-0

[Event "Early-Titled-Tuesday-Blitz-March-19-2024"]
[Site "Chess.com"]
[Date "2024.03.19"]
[Round "9"]
[White "CatLoverPL"]
[Black "enriquebutti"]
[Result "0-1"]
[WhiteElo "2484"]
[BlackElo "2215"]
[TimeControl "180+1"]
[EndTime "9:41:34 PDT"]
[Termination "enriquebutti won by resignation"]

1. g3 e5 2. Bg2 Nc6 3. c4 g6 4. Nc3 Bg7 5. Nf3 d6 6. O-O Nf6 7. d3 O-O 8. Rb1 a5 9. a3 h6 10. b4 axb4 11. axb4 Be6 12. b5 Ne7 13. c5 b6 14.
cxd6 cxd6 15. d4 e4 16. Nd2 d5 17. f3 Rc8 18. Qb3 e3 19. Re1 exd2 20. Bxd2 Nf5 21. e3 Nd6 22. e4 dxe4 23. d5 Rxc3 24. Bxc3 Bxd5 25. Qd1 exf3 26. Bxf3 Nde4 27. Bd4 Re8 28. Kg2 Ng5 29. Rxe8+ Nxe8 30. Bxd5 Qxd5+ 0-1

[Event "Early-Titled-Tuesday-Blitz-March-19-2024"]
[Site "Chess.com"]
[Date "2024.03.19"]
[Round "9"]
[White "FaustinoOro"]
[Black "Zheenbekov86"]
[Result "1-0"]
[WhiteElo "2870"]
[BlackElo "2468"]
[TimeControl "180+1"]
[EndTime "9:41:37 PDT"]
[Termination "FaustinoOro won by resignation"]

1. e4 c5 2. Nf3 g6 3. d4 cxd4 4. Qxd4 Nf6 5. Nc3 Nc6 6. Qa4 Bg7 7. e5 Ng8 8. Bf4 Nh6 9. O-O-O O-O 10. h3 a6 11. g4 b5 12. Qe4 Bb7 13. Qe3 b4 14.
Nd5 Qa5 15. Bc4 Rac8 16. Bxh6 1-0

[Event "Early-Titled-Tuesday-Blitz-March-19-2024"]
[Site "Chess.com"]
[Date "2024.03.19"]
[Round "9"]
[White "Robert_Chessmood"]
[Black "Eagle_2019"]
[Result "1-0"]
[WhiteElo "2977"]
[BlackElo "2855"]
[TimeControl "180+1"]
[EndTime "9:41:53 PDT"]
[Termination "Robert_Chessmood won by resignation"]

1. e4 c5 2. Nf3 Nc6 3. c3 Nf6 4. e5 Nd5 5. Bc4 e6 6. d4 cxd4 7. cxd4 d6 8. O-O Be7 9. Qe2 O-O 10. Nc3 Nxc3 11. bxc3 dxe5 12. dxe5 Qc7 13. Bd3 Rd8 14. Bc2 Bd7 15. Re1 Na5 16. Ng5 h6 17. Qe4 Bxg5 18. Qh7+ Kf8 19. Ba3+ 1-0

[Event "Early-Titled-Tuesday-Blitz-March-19-2024"]
[Site "Chess.com"]
[Date "2024.03.19"]
[Round "9"]
[White "dosto07"]
[Black "Navyblue1"]
[Result "1-0"]
[WhiteElo "2489"]
[BlackElo "2225"]
[TimeControl "180+1"]
[EndTime "9:41:53 PDT"]
[Termination "dosto07 won by resignation"]

1. Nf3 c5 2. e4 d6 3. d4 cxd4 4.
Qxd4 a6 5. Bc4 Nc6 6. Qd3 Nf6 7.
Nc3 e6 8. Bf4 Qc7 9. O-O-O Ne5 10. Nxe5 dxe5 11. Bxe5 Qa5 12. Nb5 Bd7 13. Nc7+ 1-0

[Event "Early-Titled-Tuesday-Blitz-March-19-2024"]
[Site "Chess.com"]
[Date "2024.03.19"]
[Round "9"]
[White "LuisFSiles"]
[Black "ExchangeAB"]
[Result "0-1"]
[WhiteElo "2290"]
[BlackElo "2519"]
[TimeControl "180+1"]
[EndTime "9:41:54 PDT"]
[Termination "ExchangeAB won by resignation"]

1. e4 c5 2. Nf3 d6 3. Bb5+ Bd7 4. Bxd7+ Qxd7 5. O-O Nc6 6. c3 e6 7. d4 cxd4 8. cxd4 Nf6 9. Nc3 d5 10. exd5 Nxd5 11.
Ne4 Be7 12. Ne5 Nxe5 13. dxe5 O-O 14. Bg5 Bxg5 15. Nxg5 h6 16. Ne4 Qb5 17. Qb3 Qa6 18.
Rac1 b6 19. Nd6 Nf4 20. Rc7 Nd3 21. f4 Nc5 22. f5 Nxb3 0-1

[Event "Early-Titled-Tuesday-Blitz-March-19-2024"]
[Site "Chess.com"]
[Date "2024.03.19"]
[Round "9"]
[White "nikitakhoroshev"]
[Black "Casper"]
[Result "0-1"]
[WhiteElo "2655"]
[BlackElo "2507"]
[TimeControl "180+1"]
[EndTime "9:41:56 PDT"]
[Termination "Casper won by checkmate"]

1. e4 c5 2. Nc3 d6 3. f4 g6 4. Nf3 Bg7 5. a4 Bg4 6. Bc4 Nf6 7. O-O O-O 8. h3 Bxf3 9. Qxf3 Nc6 10. d3 Nd4 11. Qf2 e6 12. Be3 Rc8 13. Bxd4 cxd4 14. Ne2 d5 15. e5 dxc4 16. exf6 Qxf6 17. b3 cxd3 18. cxd3 Qf5 19. Qf3 Rc2 20. g4 Qa5 21.
Ng3 Rfc8 22. f5 Qd2 23. Rf2 Qxf2+ 24. Qxf2 Rxf2 25. Kxf2 Rc3 26. f6 Bxf6 27. Ne4 Bh4+ 28. Kf3 Rxb3 29. g5 h6 30. Nf6+ Kg7 31. Ne8+ Kf8 32. Nd6 Ke7 33. Ne4 Rxd3+ 34. Kg4 hxg5 35. Rc1 f5# 0-1

[Event "Early-Titled-Tuesday-Blitz-March-19-2024"]
[Site "Chess.com"]
[Date "2024.03.19"]
[Round "9"]
[White "Legendinunknown"]
[Black "venturov"]
[Result "1-0"]
[WhiteElo "2843"]
[BlackElo "2512"]
[TimeControl "180+1"]
[EndTime "9:42:03 PDT"]
[Termination "Legendinunknown won by resignation"]

1. e4 Nf6 2. Nc3 d5 3. e5 d4 4. exf6 dxc3 5. fxg7 cxd2+ 6. Bxd2 Bxg7 7. c3 Nc6 8. Nf3 Bd7 9. Bc4 e6 10. Qe2 Qe7 11. Bg5 Bf6 12. Be3 O-O-O 13. O-O-O Kb8 14.
Bb5 a6 15. Bxa6 bxa6 16. Qxa6 e5 17. Rd5 Nd4 18. Ra5 c6 19. Nxd4 exd4 20. Bf4+ Be5 21. Qb6+ Kc8 22. Ra8+ 1-0

[Event "Early-Titled-Tuesday-Blitz-March-19-2024"]
[Site "Chess.com"]
[Date "2024.03.19"]
[Round "9"]
[White "Alexei_Gubajdullin"]
[Black "Zohid6"]
[Result "0-1"]
[WhiteElo "2656"]
[BlackElo "2864"]
[TimeControl "180+1"]
[EndTime "9:42:11 PDT"]
[Termination "Zohid6 won by resignation"]

1. e3 e5 2. b3 d5 3. Bb2 Bd6 4. Nf3 Nc6 5. Bb5 f6 6. O-O Ne7 7. c4 a6 8. Bxc6+ bxc6 9. Nc3 O-O 10. Na4 e4 11. Ne1 Ng6 12. Rc1 f5 13. f4 exf3 14.
Nxf3 f4 15. c5 Be7 16. Nd4 Qe8 17. Qh5 fxe3 18. dxe3 Bd7 19. Nf5 Bf6 20. Nh6+ gxh6 21. Bxf6 Qxe3+ 22. Kh1 Rxf6 23. Rfe1 Raf8 24. h3 Qg3 25.
Qxh6 Nf4 26. Rc2 Rxh6 0-1

[Event "Early-Titled-Tuesday-Blitz-March-19-2024"]
[Site "Chess.com"]
[Date "2024.03.19"]
[Round "9"]
[White "secrethawk1"]
[Black "SlavenPastar"]
[Result "0-1"]
[WhiteElo "2425"]
[BlackElo "2563"]
[TimeControl "180+1"]
[EndTime "9:42:15 PDT"]
[Termination "SlavenPastar won on time"]

1. e4 b6 2. d4 Bb7 3. Bd3 Nf6 4. Qe2 e6 5. c4 Nc6 6. Nf3 Nb4 7. e5 Nxd3+ 8.
Qxd3 Ne4 9. Nc3 Bb4 10. a3 Bxc3+ 11. bxc3 O-O 12. O-O f5 13. Qe3 Ba6 14. Qd3 d5 15. exd6 cxd6 16. d5 e5 17. Nd2 Nxd2 18. Bxd2 Rc8 19.
Rfd1 Bxc4 20. Qf3 Qf6 0-1

[Event "Early-Titled-Tuesday-Blitz-March-19-2024"]
[Site "Chess.com"]
[Date "2024.03.19"]
[Round "9"]
[White "ImportedItalianMaple"]
[Black "Mikhail_Bryakin"]
[Result "1-0"]
[WhiteElo "2540"]
[BlackElo "2713"]
[TimeControl "180+1"]
[EndTime "9:42:16 PDT"]
[Termination "ImportedItalianMaple won by resignation"]

1. Nf3 Nf6 2. g3 g6 3. Bg2 Bg7 4. O-O O-O 5. d4 d6 6. c4 Nbd7 7. Nc3 e5 8. e4 c6 9. h3 Qb6 10. c5 dxc5 11. dxe5 Ne8 12. e6 fxe6 13. Ng5 Ndf6 14.
e5 Nd5 15. f4 c4+ 16. Kh2 Nb4 17. Qe2 Nd3 18. b3 Nxc1 19. Rfxc1 cxb3 20. Rab1 Nc7 21. Rxb3 Qa6 22. Qd2 Nd5 23. Nce4 h6 24. Nc5 hxg5 25.
Nxa6 bxa6 26. Rxc6 gxf4 27. Bxd5 exd5 28. Qxd5+ Kh7 29.
Rc7 fxg3+ 30. Kxg3 Bf5 31. Rbb7 Rg8 32. Rxg7+ 1-0

[Event "Early-Titled-Tuesday-Blitz-March-19-2024"]
[Site "Chess.com"]
[Date "2024.03.19"]
[Round "9"]
[White "js20000"]
[Black "wannabe2700"]
[Result "0-1"]
[WhiteElo "2783"]
[BlackElo "2640"]
[TimeControl "180+1"]
[EndTime "9:42:17 PDT"]
[Termination "wannabe2700 won by resignation"]

1. d4 f5 2. Nc3 Nf6 3. Bg5 d5 4. e3 e6 5. Nf3 Be7 6. h3 Nbd7 7.
Bf4 O-O 8. Nb5 Ne8 9. c4 c6 10.
Nc3 g5 11. Bh2 Bd6 12. cxd5 exd5 13. Ne5 Nxe5 14. dxe5 Bc7 15. h4 g4 16. Bf4 Ng7 17. f3 Qe7 18. fxg4 fxg4 19. Be2 Bxe5 20. Nxd5 Qd6 21. Nc3 Bxf4 22. exf4 Qxf4 23. Qd3 Qf2+ 24. Kd2 Bf5 25. Qc4+ Be6 26. Ne4 Qf4+ 0-1

[Event "Early-Titled-Tuesday-Blitz-March-19-2024"]
[Site "Chess.com"]
[Date "2024.03.19"]
[Round "9"]
[White "chess123456s"]
[Black "JoliyRoger"]
[Result "1-0"]
[WhiteElo "2548"]
[BlackElo "2420"]
[TimeControl "180+1"]
[EndTime "9:42:24 PDT"]
[Termination "chess123456s won on time"]

1. d4 Nf6 2. Nc3 d5 3. Bf4 c6 4. e3 Bf5 5. Nf3 e6 6. Ne5 Nbd7 7. g4 Nxe5 8. gxf5 Ned7 9. fxe6 fxe6 10. Bh3 Qe7 11.
Bg3 g6 12. Qe2 Bg7 13. O-O-O e5 14. dxe5 Nxe5 15. e4 dxe4 16. Nxe4 Nxe4 17. Qxe4 O-O 18. Rhe1 Rfe8 19. f4 1-0

[Event "Early-Titled-Tuesday-Blitz-March-19-2024"]
[Site "Chess.com"]
[Date "2024.03.19"]
[Round "9"]
[White "Tol_Tol"]
[Black "newauto"]
[Result "1-0"]
[WhiteElo "2309"]
[BlackElo "2137"]
[TimeControl "180+1"]
[EndTime "9:42:29 PDT"]
[Termination "Tol_Tol won by resignation"]

1. d4 c6 2. c4 d5 3. Nf3 Nf6 4.
Nc3 dxc4 5. a4 Bf5 6. e3 e6 7. Bxc4 Nbd7 8. O-O Bb4 9. Qb3 a5 10. Na2 Qe7 11. Nxb4 Qxb4 12. Qxb4 axb4 13. Bd2 Nb6 14. Bb3 Nbd5 15. Ne5 Ne4 16. Be1 f6 17. Nc4 b5 18.
Nd2 bxa4 19. Bxa4 Kd7 20. f3 Nxd2 21. Bxd2 Bd3 22. Rfc1 Ra6 23. e4 Rha8 24. Bxc6+ Rxc6 25. Rxa8 Rxc1+ 26. Bxc1 Nb6 27. Ra7+ Kc6 28. Be3 Nc4 29. Bc1 b3 30. Rxg7 f5 31. Rxh7 fxe4 32. fxe4 Bxe4 33. Rh5 Bg6 34. Rc5+ 1-0

[Event "Early-Titled-Tuesday-Blitz-March-19-2024"]
[Site "Chess.com"]
[Date "2024.03.19"]
[Round "9"]
[White "picturesquecheck"]
[Black "ajedrezsinlimites"]
[Result "0-1"]
[WhiteElo "2438"]
[BlackElo "2601"]
[TimeControl "180+1"]
[EndTime "9:42:30 PDT"]
[Termination "ajedrezsinlimites won by resignation"]

1. e4 c6 2. d4 d5 3. exd5 cxd5 4. Bd3 Nf6 5. c3 Nc6 6. Nf3 Bg4 7. O-O e6 8. h3 Bh5 9. Re1 Bd6 10. Nbd2 O-O 11. Nf1 Re8 12. Bg5 Rc8 13. Bh4 Qc7 14. Bg3 a6 15.
Bxd6 Qxd6 16. Ng3 Bg6 17. Ne5 Qc7 18. f4 Bxd3 19. Qxd3 b5 20. a3 Rb8 21. f5 exf5 22. Nxc6 Qxc6 23. Nxf5 Ne4 24. Qf3 Qf6 25. Qg4 Qg6 26.
Ne3 Qxg4 27. Nxg4 a5 28. Ne3 Rbd8 29. Nc2 g6 30. Re2 f5 31. Rae1 Rb8 32. Kh2 Kg7 33. g4 f4 34. Rf1 g5 35. h4 Ng3 36. Rxe8 Nxf1+ 37. Kg1 Rxe8 0-1

[Event "Early-Titled-Tuesday-Blitz-March-19-2024"]
[Site "Chess.com"]
[Date "2024.03.19"]
[Round "9"]
[White "AlessiaSanteramo"]
[Black "HandKnit"]
[Result "1-0"]
[WhiteElo "2298"]
[BlackElo "2491"]
[TimeControl "180+1"]
[EndTime "9:42:30 PDT"]
[Termination "AlessiaSanteramo won by resignation"]

1. e4 d6 2. d4 Nf6 3. Nc3 e5 4.
dxe5 dxe5 5. Qxd8+ Kxd8 6. Bc4 Be6 7. Bxe6 fxe6 8. Nf3 Bd6 9. Bg5 Ke7 10. Bxf6+ gxf6 11. O-O-O Rg8 12. g3 Nc6 13. h3 a6 14.
Nh2 Bc5 15. Rd2 Rad8 16. Rhd1 Rxd2 17. Rxd2 Bb4 18. Rd3 Nd4 19. Kd1 Rd8 20. Ne2 Nxe2 21. Kxe2 Bc5 22. f3 Rd4 23. c3 Rd6 24. b4 Bb6 25.
Ng4 c5 26. Rxd6 Kxd6 27. Nxf6 cxb4 28. cxb4 Bd4 29. Kd3 b5 30. Nxh7 Bb2 31. Nf6 Ba3 32. Kc3 Bc1 33. h4 Be3 34. Ng4 Bb6 35. h5 Bd4+ 36.
Kd3 Ke7 37. f4 Kf7 38. Nxe5+ 1-0

[Event "Early-Titled-Tuesday-Blitz-March-19-2024"]
[Site "Chess.com"]
[Date "2024.03.19"]
[Round "9"]
[White "Pumpkin_in_moonlight"]
[Black "rikchessmx"]
[Result "0-1"]
[WhiteElo "2221"]
[BlackElo "2280"]
[TimeControl "180+1"]
[EndTime "9:42:46 PDT"]
[Termination "rikchessmx won by resignation"]

1. e4 c5 2. Nf3 e6 3. c3 d5 4. e5 Nc6 5. d4 Bd7 6. Nbd2 f6 7. exf6 Nxf6 8. Bd3 Bd6 9. O-O O-O 10. dxc5 Bxc5 11. Nb3 Bd6 12. Nbd4 e5 13. Nxc6 bxc6 14. Bc2 e4 15. Nd4 Ng4 16. h3 Qh4 17.
f3 Nh2 18. Re1 Nxf3+ 19. Nxf3 exf3 20. Rf1 fxg2 21. Rxf8+ Rxf8 22. Be3 Qxh3 0-1

[Event "Early-Titled-Tuesday-Blitz-March-19-2024"]
[Site "Chess.com"]
[Date "2024.03.19"]
[Round "9"]
[White "mary-sanna"]
[Black "NtcPou"]
[Result "1-0"]
[WhiteElo "2201"]
[BlackElo "1972"]
[TimeControl "180+1"]
[EndTime "9:42:48 PDT"]
[Termination "mary-sanna won by resignation"]

1. d4 d5 2. c4 c6 3. Nf3 Nf6 4. g3 a6 5. Nbd2 b5 6. b3 g6 7. Bg2 Bg7 8. O-O O-O 9. Bb2 Nbd7 10. Rc1 e6 11. Re1 Ne4 12. Qc2 Nef6 13. e4 Bb7 14.
cxd5 cxd5 15. e5 Ne4 16. Nxe4 dxe4 17. Nd2 Rc8 18. Qb1 Rxc1 19. Rxc1 Bh6 20. Rd1 Bxd2 21.
Rxd2 Nb6 22. Bxe4 Bxe4 23. Qxe4 Nd5 24. Rc2 Qd7 25. a3 Rc8 26. Kg2 h5 27. h4 Rc6 28.
Bc1 Qc7 29. Rxc6 Qxc6 30. Bh6 Kh7 31. Bd2 Qc2 32. Qxc2 1-0

[Event "Early-Titled-Tuesday-Blitz-March-19-2024"]
[Site "Chess.com"]
[Date "2024.03.19"]
[Round "9"]
[White "ploxoi"]
[Black "bazar-wokzal"]
[Result "0-1"]
[WhiteElo "2438"]
[BlackElo "2569"]
[TimeControl "180+1"]
[EndTime "9:42:56 PDT"]
[Termination "bazar-wokzal won by resignation"]

1. d4 Nf6 2. c4 Nc6 3. Nf3 e6 4. Nc3 Bb4 5. Qc2 d6 6. g3 e5 7. d5 Bxc3+ 8. Qxc3 Ne7 9. Bg2 O-O 10. Bg5 Ng6 11. h4 h6 12. Bd2 c6 13. dxc6 bxc6 14.
O-O Qe7 15. Rad1 d5 16. Qb4 c5 17. Qa3 e4 18. Ne1 d4 19. Nc2 Bf5 20. e3 d3 21. Na1 Ne5 22. Rc1 Bg4 23. b4 Be2 24. bxc5 Nf3+ 25. Bxf3 exf3 26. Rfe1 Qe6 27. Kh2 Ne4 28.
Nb3 Nxf2 29. Kg1 Qh3 0-1

[Event "Early-Titled-Tuesday-Blitz-March-19-2024"]
[Site "Chess.com"]
[Date "2024.03.19"]
[Round "9"]
[White "javirec"]
[Black "gorgeous1083"]
[Result "1-0"]
[WhiteElo "2251"]
[BlackElo "2063"]
[TimeControl "180+1"]
[EndTime "9:42:57 PDT"]
[Termination "javirec won by resignation"]

1. e4 e6 2. d4 d5 3. Nc3 Bb4 4. e5 c5 5. Qg4 Ne7 6. dxc5 Bxc3+ 7. bxc3 Kf8 8. Nf3 Nbc6 9. h4 Qa5 10. Bd2 Qxc5 11. h5 h6 12. Bd3 Na5 13. Rh3 Nc4 14. Rg3 g5 15. hxg6 fxg6 16. Bxg6 Nxg6 17. Qxg6 Qe7 18. Bxh6+ Rxh6 19. Qxh6+ Ke8 20. Rg8+ 1-0

[Event "Early-Titled-Tuesday-Blitz-March-19-2024"]
[Site "Chess.com"]
[Date "2024.03.19"]
[Round "9"]
[White "yaguigor"]
[Black "DarZay"]
[Result "1-0"]
[WhiteElo "2553"]
[BlackElo "2348"]
[TimeControl "180+1"]
[EndTime "9:42:59 PDT"]
[Termination "yaguigor won by resignation"]

1. Nf3 Nf6 2. c4 e6 3. Nc3 d5 4. d4 Be7 5. Bf4 O-O 6. e3 Ne4 7. Nxe4 dxe4 8. Nd2 f5 9. c5 b6 10. b4 bxc5 11. bxc5 Nd7 12. Bc4 Nf6 13. O-O Nd5 14. Be5 Bf6 15. Bxf6 Qxf6 16. Qb3 c6 17. f3 Qh6 18.
Rae1 f4 19. Bxd5 exd5 20. fxe4 fxe3 21. Rxf8+ Kxf8 22. Qxe3 Be6 23. Qxh6 gxh6 24. e5 Ke7 25. Rb1 a5 26. Rb7+ Bd7 27. a4 Ke6 28. Kf2 Rf8+ 29.
Ke3 Rg8 30. g3 Rg4 31. Ra7 h5 32. Nf3 Re4+ 33. Kf2 Ke7 34. Rxa5 Kd8 35. Ra8+ Bc8 36. Ra7 Bd7 37. a5 Rg4 38. a6 Rg7 39. e6 1-0

[Event "Early-Titled-Tuesday-Blitz-March-19-2024"]
[Site "Chess.com"]
[Date "2024.03.19"]
[Round "9"]
[White "AccioChess"]
[Black "Leo_C"]
[Result "1-0"]
[WhiteElo "2487"]
[BlackElo "2633"]
[TimeControl "180+1"]
[EndTime "9:43:02 PDT"]
[Termination "AccioChess won by resignation"]

1. e4 c5 2. Nf3 d6 3. d4 cxd4 4. Nxd4 Nf6 5. Nc3 a6 6. Be2 e5 7.
Nb3 Be7 8. Qd3 Be6 9. Nd5 Bxd5 10. exd5 Nbd7 11. Bd2 Qc7 12. c4 a5 13. Bc3 a4 14. Nd2 Nc5 15. Qg3 O-O 16. Qh3 g6 17. O-O Nfe4 18. Nxe4 Nxe4 19. Be1 Qb6 20. Qa3 f5 21. Kh1 Bh4 22. g3 Bf6 23. f3 Nc5 24. Bf2 e4 25. Rab1 exf3 26. Bxf3 Rfe8 27. Kg2 Qa5 28.
Rfd1 Ra6 29. Re1 Raa8 30. Rxe8+ Rxe8 31. b4 Qb6 32. Rd1 1-0